Map: Ruins of Seras

Players

xDTx

  • Race: Terran Terran
  • League: Bronze

Miltreta - Winner!

  • Race: Terran Terran
  • League: Bronze

VOD

Have the link to the VOD?

Description

Time

  • Played on: March 10, 2016, 9:25 a.m.
  • Length: 39:59
Show
View Real Time Build Order
Export as new Build Order

xDTx Terran 

Build Orders:  

Get SALT Encoding   

  12  0:05  SCV  
  13  0:17  SCV  
  14  0:27  Supply Depot  
  14  0:29  SCV  
  15  0:40  Supply Depot  
  15  0:57  Supply Depot  
  15  1:02  Barracks  
  15  1:06  Refinery  
  15  1:08  Refinery  
  15  1:13  SCV  
  16  1:25  SCV  
  17  1:37  SCV  
  18  1:51  Engineering Bay  
  19  1:55  Barracks Tech Lab  
  19  1:59  Orbital Command  
  18  2:16  Marine  
  19  2:34  Marine  
  19  2:35  Factory  
  20  2:51  Marine  
  21  3:08  Supply Depot  
  21  3:09  Marine  
  22  3:20  Factory Tech Lab  
  22  3:26  Starport  
  22  3:37  Supply Depot  
  22  3:49  SCV  
  23  3:59  Siege Tank  
  23  4:02  SCV  
  27  4:03  Marine  
  27  4:04  Starport Tech Lab  
  28  4:14  SCV  
  29  4:26  SCV  
  29  4:31  Siege Tank  
  29  4:38  SCV  
  33  5:19  Command Center  
  33  5:42  Bunker, Marine  
  34  5:59  Armory  
  34  6:00  Marine  
  35  6:18  Missile Turret, Marine  
  36  6:23  Missile Turret  
  36  6:37  SCV  
  37  6:49  SCV  
  37  7:01  SCV  
  37  7:03  Missile Turret  
  37  7:04  Widow Mine  
  37  7:05  Fusion Core  
  40  7:13  SCV  
  41  7:16  Missile Turret  
  41  7:20  Refinery  
  41  7:23  Refinery  
  41  7:24  Marine  
  41  7:25  SCV  
  43  7:32  Widow Mine  
  43  7:36  Drilling Claws  
  45  7:38  SCV  
  46  7:47  Missile Turret  
  46  7:50  SCV  
  47  8:01  Widow Mine  
  47  8:02  SCV  
  50  8:14  SCV  
  50  8:17  Supply Depot  
  51  8:26  SCV  
  52  8:29  Widow Mine  
  54  8:38  SCV  
  55  8:48  Ghost Academy  
  55  8:50  SCV  
  56  8:58  Widow Mine  
  56  9:01  Supply Depot  
  56  9:02  SCV  
  59  9:14  SCV  
  60  9:26  Widow Mine, SCV  
  60  9:27  Factory  
  63  9:33  Barracks  
  63  9:39  Starport  
  63  9:43  Command Center  
  63  9:49  Planetary Fortress  
  63  9:55  Widow Mine  
  65  10:00  Neosteel Frame  
  65  10:01  Supply Depot  
  65  10:18  Factory Reactor  
  65  10:21  Starport Reactor  
  65  10:23  Widow Mine  
  65  10:25  Barracks Reactor  
  67  10:33  Missile Turret  
  67  10:41  Supply Depot  
  67  10:52  Widow Mine  
  67  10:55  SCV  
  70  11:00  Refinery  
  70  11:07  SCV  
  70  11:19  Hi-Sec Auto Tracking, SCV  
  70  11:20  Widow Mine  
  70  11:24  Marine  
  69  11:31  SCV  
  70  11:34  Supply Depot  
  70  11:42  Marine  
  70  11:43  SCV  
  72  11:52  Widow Mine, Siege Tank  
  72  11:53  Widow Mine  
  79  12:16  Building Armor  
  79  12:21  Widow Mine x2  
  83  12:24  Siege Tank  
  79  12:49  Widow Mine  
  79  12:50  Widow Mine  
  83  12:56  Siege Tank  
  86  13:18  Widow Mine x2, Sensor Tower  
  90  13:24  Sensor Tower  
  90  13:28  Siege Tank  
  93  13:43  Sensor Tower  
  93  13:52  Sensor Tower  
  93  14:00  Siege Tank  
  96  14:11  Sensor Tower  
  96  14:29  Command Center  
  96  14:36  Terran Ship Weapons Level 1  
  96  14:50  Widow Mine x2  
  100  14:53  Siege Tank  
  103  15:08  Refinery  
  103  15:16  Refinery  
  103  15:19  Widow Mine x2  
  107  15:47  Widow Mine x2  
  99  16:03  SCV  
  100  16:15  SCV  
  100  16:16  Widow Mine x2  
  96  16:27  SCV  
  96  16:30  Terran Vehicle Weapons Level 1  
  96  16:39  SCV  
  94  16:51  SCV  
  95  17:03  SCV  
  96  17:15  SCV  
  96  17:22  Missile Turret  
  93  17:28  SCV  
  93  17:36  Widow Mine x2  
  95  17:39  Siege Tank  
  95  17:40  SCV  
  101  17:52  SCV  
  101  17:55  Raven  
  104  18:03  Explosive Shrapnel Shells  
  104  18:04  SCV  
  104  18:05  Widow Mine x2  
  107  18:11  Siege Tank  
  112  18:16  SCV  
  113  18:24  Terran Vehicle And Ship Armor Level 1  
  113  18:28  SCV  
  113  18:33  Widow Mine x2  
  116  18:38  Raven  
  120  18:43  Siege Tank  
  123  18:57  Command Center  
  123  19:02  Widow Mine x2  
  127  19:16  Siege Tank  
  130  19:22  Corvid Reactor  
  124  19:48  Siege Tank  
  127  20:07  Orbital Command  
  127  20:18  Terran Ship Weapons Level 2  
  127  20:20  Siege Tank  
  130  20:22  Command Center  
  110  20:52  Siege Tank  
  79  21:11  SCV  
  79  21:17  Refinery  
  80  21:22  Viking  
  80  21:23  Viking  
  80  21:24  Siege Tank, SCV  
  91  21:27  Raven  
  90  21:36  SCV  
  90  21:39  Widow Mine x2  
  88  21:52  Viking  
  88  21:53  Viking  
  85  22:00  SCV  
  82  22:05  Refinery  
  82  22:07  Widow Mine x2  
  86  22:09  Raven  
  86  22:12  SCV  
  85  22:22  Viking x2  
  85  22:24  SCV  
  87  22:34  Terran Vehicle Weapons Level 2  
  87  22:36  Widow Mine x2, SCV  
  92  22:39  Refinery  
  92  22:49  SCV  
  93  22:52  Viking x2  
  93  22:55  Missile Turret  
  97  22:59  SCV  
  97  23:01  SCV  
  97  23:04  Widow Mine x2  
  103  23:13  SCV  
  104  23:22  Viking  
  104  23:25  SCV  
  107  23:33  Widow Mine x2  
  111  23:37  SCV  
  112  23:49  SCV  
  113  24:01  SCV  
  106  24:32  Command Center  
  106  24:49  Viking x2  
  108  25:19  Viking x2  
  50  25:46  SCV  
  50  25:49  Viking x2  
  53  25:50  Refinery  
  51  25:58  SCV  
  52  26:10  SCV  
  53  26:11  Siege Tank  
  53  26:22  SCV  
  54  26:35  SCV  
  55  26:43  Siege Tank  
  55  26:47  SCV  
  59  26:59  SCV  
  60  27:11  SCV  
  61  27:23  SCV  
  62  27:35  SCV  
  63  27:52  SCV  
  64  27:59  Refinery  
  64  28:04  SCV  
  65  28:17  SCV  
  66  28:29  SCV  
  66  28:30  SCV  
  68  28:41  SCV  
  69  28:53  SCV  
  70  29:05  SCV  
  67  29:14  Raven  
  64  29:40  Siege Tank  
  67  29:55  SCV  
  67  29:57  Raven  
  70  30:07  SCV  
  71  30:19  SCV  
  72  30:31  SCV  
  73  30:39  Raven  
  75  30:43  SCV  
  76  30:51  Command Center  
  76  30:55  SCV  
  77  31:08  SCV  
  78  31:20  SCV  
  78  31:22  Raven  
  81  31:29  Thor  
  81  31:32  SCV  
  88  31:44  SCV  
  89  31:54  Orbital Command  
  89  31:56  SCV  
  90  32:05  Raven  
  90  32:07  Medivac  
  94  32:10  Medivac  
  94  32:12  Thor  
  102  32:25  SCV  
  103  32:30  Refinery  
  103  32:37  SCV  
  104  32:48  Raven  
  104  32:49  SCV  
  107  32:54  Thor  
  113  33:01  SCV  
  114  33:09  Refinery  
  114  33:14  SCV  
  115  33:26  SCV  
  116  33:37  Thor  
  116  33:38  SCV  
  123  33:49  Terran Ship Weapons Level 3  
  123  33:50  SCV  
  111  34:20  Thor  
  95  35:03  Thor  
  78  35:46  Thor  
  49  36:26  Terran Vehicle Weapons Level 3  
  49  36:28  Thor  
  33  37:11  Thor  
  39  37:16  Orbital Command  
  39  37:18  SCV  
  40  37:30  SCV  
  41  37:42  SCV  
  42  37:54  Thor, SCV  
  49  38:07  SCV  
  50  38:19  SCV  
  51  38:23  SCV  
  52  38:31  SCV  
  53  38:43  SCV  
  54  38:55  SCV  
  55  39:07  SCV  
  53  39:19  SCV  
  54  39:26  SCV  
  55  39:31  SCV  
  55  39:43  SCV  
Show
View Real Time Build Order
Export as new Build Order

Miltreta Terran - Winner!

Build Orders:  

Get SALT Encoding   

  12  0:01  SCV  
  13  0:13  SCV  
  14  0:20  Supply Depot  
  14  0:26  SCV  
  15  0:42  SCV  
  16  0:43  Barracks  
  16  0:53  Supply Depot  
  16  0:55  Refinery  
  16  0:58  SCV  
  17  1:23  Barracks  
  17  1:25  Refinery, SCV  
  18  1:38  SCV  
  18  1:39  Marine  
  20  1:50  SCV  
  21  1:58  Marine  
  22  2:05  Orbital Command  
  22  2:13  Marine  
  23  2:25  Reaper  
  24  2:32  Marine  
  25  2:46  Barracks  
  25  2:56  Engineering Bay  
  25  2:58  Barracks Tech Lab  
  25  3:00  Marine  
  26  3:17  Marine  
  26  3:18  Marine  
  28  3:21  Concussive Shells  
  28  3:31  Factory  
  28  3:35  Missile Turret  
  28  3:36  Marauder  
  30  3:48  Missile Turret  
  30  3:50  Missile Turret x2  
  30  3:59  Barracks Reactor  
  30  4:05  Barracks Tech Lab  
  30  4:17  SCV  
  30  4:19  Missile Turret  
  31  4:54  Command Center  
  31  4:59  Hellion  
  33  5:01  Supply Depot  
  33  5:06  Marauder  
  35  5:24  SCV  
  36  5:33  Supply Depot  
  36  5:38  Terran Infantry Weapons Level 1  
  36  5:39  Widow Mine  
  36  5:42  Marine  
  39  6:07  Widow Mine  
  41  6:13  SCV  
  42  6:20  SCV  
  42  6:21  Marine x2  
  42  6:25  SCV  
  46  6:26  Command Center  
  45  6:53  Marine x2  
  47  6:55  Marauder  
  47  6:56  Marauder, Widow Mine  
  51  7:15  SCV  
  51  7:16  SCV  
  53  7:25  Widow Mine  
  53  7:28  SCV  
  56  7:32  Supply Depot  
  56  7:36  Marauder  
  58  7:37  Marauder  
  60  7:57  Factory  
  62  8:02  Factory Reactor  
  60  8:19  SCV  
  61  8:20  SCV  
  61  8:21  SCV  
  63  8:31  SCV  
  64  8:50  Marauder  
  64  8:51  Marauder  
  64  8:53  Widow Mine x2  
  72  8:55  Factory Tech Lab  
  72  9:00  SCV  
  72  9:02  SCV x2  
  75  9:12  Marauder x2  
  75  9:13  SCV  
  75  9:14  SCV  
  81  9:25  Marine, SCV x2  
  81  9:26  Marine  
  81  9:30  Siege Tank  
  88  9:31  Widow Mine x2  
  88  9:33  Marauder x2  
  96  9:45  Marine x2  
  98  9:53  Barracks  
  98  9:55  Marauder  
  100  10:37  Refinery  
  100  10:54  Starport  
  100  11:01  Starport  
  100  11:07  Supply Depot  
  100  11:16  Supply Depot x2  
  100  11:18  Supply Depot  
  100  11:22  Supply Depot  
  100  11:26  Supply Depot  
  100  11:28  Cyclone  
  103  11:49  Missile Turret  
  103  11:56  Missile Turret  
  103  11:59  Missile Turret  
  103  12:00  Refinery, Marine x2  
  109  12:01  Marauder x2  
  109  12:03  Siege Tank  
  109  12:07  Widow Mine x2  
  120  12:22  Marauder  
  120  12:23  Marauder, SCV  
  121  12:35  SCV, Siege Tank  
  125  12:53  Orbital Command  
  125  12:59  Marine  
  125  13:00  Marine  
  125  13:01  Marauder  
  125  13:02  Marauder  
  125  13:03  Liberator  
  129  13:07  Cyclone  
  132  13:27  Starport Tech Lab  
  135  13:30  Marine x2  
  135  13:31  Marauder  
  135  13:32  Marauder  
  141  13:37  Widow Mine x2  
  141  13:40  Cyclone  
  148  13:48  Stimpack, Barracks Tech Lab  
  148  13:52  Combat Shields  
  148  13:53  Marauder, Barracks Reactor  
  148  13:57  Marauder  
  148  14:17  Supply Depot  
  148  14:39  Cyclone  
  151  14:46  Refinery  
  151  14:49  Refinery  
  151  15:11  Cyclone  
  151  15:13  Command Center  
  154  15:14  Refinery  
  154  15:43  Starport Reactor  
  154  15:46  Raven  
  96  16:24  Marine  
  62  16:52  Marine x2  
  62  16:54  Marauder x2  
  66  16:56  Siege Tank  
  66  16:58  Raven  
  71  17:09  Marine  
  71  17:10  Marine  
  71  17:13  Widow Mine x2  
  71  17:15  Marauder x2  
  81  17:28  Siege Tank  
  84  17:36  Marauder  
  88  17:37  Marauder  
  88  17:42  Widow Mine x2  
  92  17:58  Marauder x2  
  96  18:00  Siege Tank  
  96  18:01  Refinery  
  99  18:12  Banshee  
  99  18:16  Medivac x2  
  106  18:32  Siege Tank  
  109  18:46  Medivac  
  111  18:55  Banshee  
  114  19:31  Marine x2  
  115  19:33  Marauder x2  
  115  19:35  Siege Tank  
  115  19:37  Widow Mine  
  115  19:38  Widow Mine  
  125  19:40  Banshee  
  125  19:44  Cloaking Field  
  130  19:48  Terran Infantry Armor Level 1  
  130  19:54  Marauder x2  
  130  19:57  Armory  
  134  20:05  Marine  
  134  20:06  Marine  
  136  20:07  Siege Tank  
  139  20:15  Marine  
  139  20:16  Marauder  
  142  20:23  Banshee  
  142  20:24  Command Center  
  145  20:33  Marauder  
  146  20:39  Cyclone  
  104  21:11  Cyclone  
  99  21:54  Marine x2  
  99  21:56  Marauder x2  
  99  21:57  Siege Tank  
  89  22:17  Marauder  
  82  22:29  Siege Tank  
  79  22:39  Marine x3  
  79  22:40  Widow Mine  
  84  22:46  Medivac  
  84  22:47  Banshee, Medivac  
  84  22:50  Marauder  
  93  22:57  Marauder  
  95  22:58  Supply Depot  
  95  23:01  Thor  
  101  23:11  Marauder  
  103  23:19  Marauder  
  105  23:30  Banshee  
  105  23:33  Marauder  
  110  23:42  Command Center  
  110  23:43  Thor  
  116  24:13  Raven  
  118  24:26  Thor  
  118  24:27  Marine x2  
  118  24:29  Marauder x2  
  130  24:47  Marine x2  
  130  24:50  Marauder x2  
  136  25:09  Thor  
  136  25:11  Marauder  
  130  25:28  Marine x3  
  122  25:33  Marauder  
  114  25:47  Marauder  
  116  25:52  Thor  
  116  25:54  Marauder  
  108  26:35  Thor, Marine x2  
  108  26:36  Marauder x2  
  120  26:50  Factory  
  120  26:55  Starport  
  120  26:57  Marauder x2  
  124  27:01  Orbital Command  
  124  27:15  Marine x2  
  126  27:18  Thor  
  126  27:19  Marauder x2  
  136  27:22  Raven  
  138  27:35  Command Center  
  130  28:00  Thor  
  130  28:02  Marine x2  
  130  28:03  Marauder x2  
  142  28:05  Raven  
  142  28:11  Factory Tech Lab  
  142  28:12  Starport Tech Lab  
  144  28:24  Marauder  
  144  28:25  Marauder  
  148  28:38  Marine x2  
  150  28:43  Siege Tank  
  150  28:45  Marine x2  
  150  28:46  Medivac  
  150  28:47  Medivac  
  159  28:48  Banshee  
  145  29:16  Siege Tank  
  140  29:31  Banshee  
  128  29:33  Marine x2  
  128  29:34  Marauder x2  
  130  29:39  Thor  
  136  29:47  Thor  
  142  29:55  Marauder  
  144  30:14  Ghost Academy, Banshee  
  147  30:22  Thor, Ghost Academy  
  147  30:27  Ghost Academy  
  153  30:29  Refinery  
  153  30:30  Siege Tank  
  153  30:32  Refinery  
  153  30:33  Refinery  
  153  30:35  Refinery  
  156  30:51  Command Center, Personal Cloaking  
  156  31:03  Nuke, Siege Tank  
  159  31:04  Nuke  
  159  31:05  Siege Tank  
  162  31:21  Ghost  
  162  31:22  Ghost  
  162  31:24  Marine x2  
  168  31:34  Thor  
  174  31:42  Marine x2  
  172  32:58  Ghost x2  
  176  33:07  Thor x2  
  176  33:09  Banshee  
  176  33:12  Marine x2  
  193  33:27  Marine x2  
  195  33:50  Siege Tank  
  193  34:29  Command Center  
  192  35:34  Nuke x3  
  192  35:37  Marine x2  
  192  35:38  Marauder x2  
  190  36:00  Marauder  
  164  37:06  Ghost  
  164  37:07  Ghost  
  166  37:34  Refinery  
  166  37:36  Refinery  
  166  38:03  Refinery  
  166  38:57  Nuke  
  166  38:58  Nuke  
Tags
 
Add a new tag
Caveats
  • Supply blocks, unpowered buildings, or Contaminate may cause inaccurate times.
  • Supply counts are checked every 10 seconds.